 Dungeon Crawl Stone Soup version 0.30-a0-639-g3916f1956a (webtiles) character file.

Game seed: 11357843307613433973

79 timneilson the Slasher (level 4, 0/34 HPs)
             Began as a Demonspawn Gladiator on Jan 15, 2023.
             Slain by a shadow imp (1 damage)
             ... summoned by Natasha
             ... on level 3 of the Dungeon.
             The game lasted 00:03:06 (1508 turns).

timneilson the Slasher (Demonspawn Gladiator)       Turns: 1508, Time: 00:03:06

Health: 0/34       AC: 11    Str: 16    XL:     4   Next: 16%
Magic:  4/4        EV:  7    Int: 10    God:
Gold:   157        SH:  5    Dex: 14    Spells: 3/3 levels left

rFire   . . .      SeeInvis .    a - +0 long sword
rCold   . . .      Faith    .    (no shield)
rNeg    . . .      Spirit   .    i - +0 chain mail
rPois   .          Reflect  +    c - +0 helmet
rElec   .          Harm     .    (no cloak)
rCorr   .          Rampage  .    g - +0 pair of gloves
Will    .....                    (no boots) Stlth
                                 f - amulet of reflection
HPRegen 0.25/turn                (no ring)
MPRegen 0.09/turn                (no ring)

@: slowed, very slow
A: powered by pain 1, sharp scales 1
a: no special abilities


You were on level 3 of the Dungeon.
You visited 1 branch of the dungeon, and saw 3 of its levels.

You collected 157 gold pieces.

Inventory:

Hand Weapons
 a - a +0 long sword (weapon)
Missiles
 d - 3 throwing nets (quivered)
 e - a javelin
Armour
 b - a +0 leather armour
 c - a +0 helmet (worn)
 g - a +0 pair of gloves (worn)
 i - a +0 chain mail (worn)
Jewellery
 f - an amulet of reflection (around neck)
Scrolls
 n - a scroll of fog {unknown}
Potions
 h - 3 potions of brilliance {unknown}
 j - a potion of berserk rage {unknown}
 k - a potion of might {unknown}
 l - a potion of lignification {unknown}
 m - a potion of curing {unknown}


   Skills:
 + Level 2.6 Fighting
 * Level 3.4 Long Blades
 - Level 1.7 Throwing
 * Level 1.6 Armour
 + Level 3.0 Dodging


You had 3 spell levels left.
You didn't know any spells.
Your spell library contained the following spells:

 Spells                   Type           Power      Damage    Failure   Level
 Magic Dart               Conj           0%         1d3       100%        1
 Call Imp                 Summ           0%         N/A       100%        2
 Ensorcelled Hibernation  Hex/Ice        0%         N/A       100%        2
 Mephitic Cloud           Conj/Pois/Air  0%         N/A       100%        3
 Portal Projectile        Hex/Tloc       0%         N/A       100%        3
 Spider Form              Tmut/Pois      0%         N/A       100%        3
 Tukima's Dance           Hex            0%         N/A       100%        3
 Anguish                  Hex/Necr       0%         N/A       100%        4
 Blade Hands              Tmut           0%         N/A       100%        5


Dungeon Overview and Level Annotations

Branches:
Dungeon (3/15)

Altars:
Vehumet

Annotations:
D:3 3 runed translucent doors, KennySheep's ghost, amateur DgWr; Natasha; Terence


Innate Abilities, Weirdness & Mutations

You sometimes gain a little power by taking damage.
You are partially covered in razor-sharp scales. (AC +1, Slay +1)


Message History

Natasha claws you but does no damage.
Terence hits you with a +0 hand axe of flaming.
Terence burns you.
The crimson imp hits you but does no damage.
Natasha casts a spell.
You closely miss Natasha.
Natasha is moderately wounded.
Terence hits you with a +0 hand axe of flaming.
Terence burns you. Natasha claws you.
The crimson imp hits you but does no damage.
Terence hits you with a +0 hand axe of flaming.
Terence burns you.
You are too injured to fight recklessly!
You are too injured to fight recklessly!
You are too injured to fight recklessly!
You are too injured to fight recklessly!
You are too injured to fight recklessly!
You are too injured to fight recklessly!
You are too injured to fight recklessly!
You are too injured to fight recklessly!
You are too injured to fight recklessly!
You are too injured to fight recklessly!
You are too injured to fight recklessly!
You are too injured to fight recklessly!
You are too injured to fight recklessly!
You are too injured to fight recklessly!
Unknown command.
You barely miss Natasha.
Natasha is moderately wounded.
Natasha claws you. The crimson imp hits you.
* * * LOW HITPOINT WARNING * * *
The shadow imp hits you but does no damage.
Terence hits you with a +0 hand axe of flaming.
* * * LOW HITPOINT WARNING * * *
Terence burns you.
* * * LOW HITPOINT WARNING * * *
The crimson imp barely misses you. Natasha claws you.
* * * LOW HITPOINT WARNING * * *
The shadow imp hits you.
You die...

#.## .... #. ....
##... .... #. #....
##.... ...(.#.#....
##...#. ...#.....
#...... .....#. #
#..#..# #....###...
#...... #.h5@....#
#..#.#. ####$5@>######
#......
..........#...#
#..#..#
###.....#.#...#
#...... #.....#.....#
##...#.
#########...######....
#.............
#...########## #####


You could see Terence, Natasha, a crimson imp (summoned) and a shadow imp
(summoned).

Vanquished Creatures
  3 adders
  A worm (D:3)
  A dart slug (D:2)
  6 ball pythons
  6 endoplasms
  7 goblins
  3 hobgoblins
  5 kobolds
  A quokka (D:3)
  5 bats
  5 frilled lizards
  4 rats
47 creatures vanquished.

Notes
Turn   | Place    | Note
-------+----------+-------------------------------------------
     0 | D:1      | timneilson the Demonspawn Gladiator began the quest for the
                  | Orb.
     0 | D:1      | Reached XP level 1. HP: 16/16 MP: 1/1
   196 | D:1      | Gained mutation: You are partially covered in razor-sharp
                  | scales. (AC +1, Slay +1) [demonic ancestry]
   196 | D:1      | Reached XP level 2. HP: 22/22 MP: 2/2
   791 | D:2      | Reached skill level 1 in Armour
   876 | D:2      | Reached XP level 3. HP: 27/27 MP: 3/3
  1293 | D:3      | Found a runed translucent gate.
  1293 | D:3      | Found a runed translucent gate.
  1293 | D:3      | Found a runed translucent gate.
  1307 | D:3      | Noticed KennySheep's ghost (amateur DgWr)
  1417 | D:3      | Gained mutation: You sometimes gain a little power by
                  | taking damage. [demonic ancestry]
  1417 | D:3      | Reached XP level 4. HP: 34/34 MP: 4/4
  1449 | D:3      | Found a radiant altar of Vehumet.
  1499 | D:3      | Noticed Natasha
  1500 | D:3      | Noticed Terence
  1508 | D:3      | HP: 1/34 [Natasha (1)]
  1508 | D:3      | Slain by a shadow imp

Illustrated notes

Levels and vault maps discovered:
D:1:      nicolae_arrival_memento_mori, layout_loops_ring, st_stairs_10
D:2:      layout_rooms
D:3:      layout_rooms, nicolae_vehumet_radiance,
          ebering_ecumenical_altar_sacrificial, gammafunk_ghost_split,
          uniq_jessica, uniq_natasha, uniq_terence

Skill      XL: |  1  2  3 |
---------------+----------+-----
Long Blades    | 3 |  3.4
Armour         | 1 |  1.6
Dodging        | 3 |  3.0
Fighting       | |  2.6
Throwing       | |  1.7

Action                   |  1- 3 |  4- 6 || total
-------------------------+-------+-------++-------
Melee: Long sword        |   126 |    10 ||   136
  Use: Scroll            |     3 |       ||     3
Armor: Leather armour    |     6 |       ||     6
       Chain mail        |    66 |    11 ||    77
Dodge: Dodged            |    56 |     1 ||    57
Block: Other             |    14 |     1 ||    15
       Reflection        |     1 |       ||     1

Table legend: (Time is in decaauts)
 A = Elapsed time spent in this place.
 B = Non-inter-level travel time spent in this place.
 C = Inter-level travel time spent in this place.
 D = Time resting spent in this place.
 E = Time spent auto-exploring this place.
 F = Levels seen in this place.
 G = Mean time per level.
                   A        B        C        D        E       F      G
               +--------+--------+--------+--------+--------+-----+--------+
         Total |   1542 |   1510 |     32 |    100 |   1042 |   3 |  514.0 |
       Dungeon |   1542 |   1510 |     32 |    100 |   1042 |   3 |  514.0 |
               +--------+--------+--------+--------+--------+-----+--------+

Top non-repeatable levels by time:
     D:1: 734 daAuts
     D:2: 584 daAuts
     D:3: 223 daAuts
